 Dungeon Crawl Stone Soup version 0.29.1-15-g9cfb28693d (webtiles) character file.

Game seed: 13089502616774174034

2772 leafyfresh the Covert (level 9, -13/68 HPs)
             Began as an Octopode Delver on Mar 4, 2023.
             Was an Initiate of Ashenzari.
             Killed from afar by an orc sorcerer (30 damage)
             ... with a bolt of fire
             ... in a bailey.
             The game lasted 00:14:41 (8987 turns).

leafyfresh the Covert (Octopode Delver)             Turns: 8987, Time: 00:14:42

Health: -13/68     AC:  5    Str: 12    XL:     9   Next: 70%
Magic:  9/9        EV: 16    Int: 22    God:    Ashenzari [......]
Gold:   444        SH:  0    Dex: 13    Spells: 8/8 levels left

rFire   . . .      SeeInvis .   H - +4 flail (chaos)
rCold   + . .      Faith    .   (no shield)
rNeg    . . .      Spirit   .   e - +0 hat
rPois   .          Reflect  .   g - amulet of the acrobat
rElec   .          Harm     .   m - +4 ring of protection
rCorr   .          Rampage  .   o - ring of protection from cold
Will    +....                   y - +6 ring of intelligence
Stlth   ++++++....              w - ring of willpower
HPRegen 0.21/turn               (no ring)
MPRegen 0.11/turn               (no ring)
                                (no ring)
                                (no ring)

@: hasted, very quick
A: almost no armour, amphibious, 8 rings, camouflage 1, gelatinous body 1,
nimble swimmer 1, tentacles
a: Renounce Religion


You were in a bailey.
You worshipped Ashenzari.
Ashenzari was noncommittal.
You visited 2 branches of the dungeon, and saw 8 of its levels.
You also visited: Bailey.

You collected 444 gold pieces.

Inventory:

Hand Weapons
 a - a +0 short sword
 H - a +4 flail of chaos (weapon)
 J - a +2 morningstar of protection
Missiles
 d - a throwing net (quivered)
 K - 2 javelins
Armour
 e - a +0 hat (worn)
Jewellery
 g - an amulet of the acrobat (around mantle)
 m - a +4 ring of protection (left tentacle)
 o - a ring of protection from cold (right tentacle)
 w - a ring of willpower (on tentacle)
 y - a +6 ring of intelligence (on tentacle)
Wands
 f - a wand of digging (2)
 h - a wand of iceblast (3)
Scrolls
 b - a scroll of fog
 c - a scroll of magic mapping
 k - 2 scrolls of amnesia
 l - a scroll of summoning
 p - a scroll of blinking
 u - a scroll of identify
 x - 2 scrolls of enchant weapon {unknown}
 z - 2 scrolls of butterflies {unknown}
 A - 3 scrolls of noise {unknown}
 D - a scroll of vulnerability {unknown}
 G - a scroll of enchant armour {unknown}
 I - a scroll of poison {unknown}
 L - a scroll of acquirement
Potions
 i - 2 potions of cancellation {unknown}
 j - 2 potions of mutation {unknown}
 n - 2 potions of magic {unknown}
 q - a potion of degeneration
 r - a potion of attraction {unknown}
 s - 3 potions of resistance {unknown}
 v - 3 potions of brilliance {unknown}
 B - a potion of heal wounds
 C - a potion of might {unknown}
 E - a potion of experience {unknown}
 F - a potion of lignification


   Skills:
 - Level 9.0 Fighting
 - Level 3.3 Short Blades
 - Level 8.6 Dodging
 - Level 9.3 Stealth
 + Level 0.0 Spellcasting


You had 8 spell levels left.
You didn't know any spells.
Your spell library contained the following spells:

 Spells                   Type           Power      Damage    Failure   Level
 Conjure Flame            Conj/Fire      0%         6-21      45%         3
 Ignite Poison            Fire/Tmut/Pois 0%         N/A       45%         3
 Sticky Flame             Conj/Fire      0%         2d3       86%         4
 Alistair's Intoxication  Tmut/Pois      0%         N/A       99%         5
 Borgnjor's Vile Clutch   Necr/Erth      0%         N/A       99%         5
 Eringya's Noxious Bog    Tmut/Pois      0%         N/A       100%        6


Dungeon Overview and Level Annotations

Branches:
Dungeon (7/15)             Temple (1/1) D:6          Bailey (1/1)

Altars:
Ashenzari
Cheibriados
Elyvilon
Gozag
Hepliaklqana
Kikubaaqudgha
Makhleb
Nemelex Xobeh
Okawaru
Qazlal
Ru
Sif Muna
Trog
Uskayaw
Wu Jian
Xom
Yredelemnul
Zin
The Shining One


Innate Abilities, Weirdness & Mutations

You cannot wear most types of armour.
You are amphibious.
You can wear up to eight rings at the same time.
Your skin changes colour to match your surroundings (Stealth+).
Your rubbery body absorbs attacks. (AC +1, EV +1)
You are camouflaged when in or above water. (Stealth+)
You have tentacles for arms and can constrict up to eight enemies at once.


Message History

Found a gate leading back out of this place.
An orc sorcerer is nearby!
An orc warrior comes into view.
It is wielding a +0 arbalest and wearing a +3 leather armour of cold resistance.
The orc warrior moves out of view.
An orc sorcerer is nearby!
Unknown command.
Unknown command.
Okay, then.
Unknown command.
Okay, then.
Unknown command.
Unknown command.
You completely miss the orc sorcerer. You grab the orc sorcerer.
You constrict the orc sorcerer.
The orc sorcerer's eyes start to glow.
The orc sorcerer hits you with the +6 great mace "ETAOIN SHRDLU" {vamp, +Blink Fly Str-5}!
The orc sorcerer draws strength from your wounds!
The orc sorcerer closely misses you.
You release your grip on the orc sorcerer.
Found a ring mail and a leather armour.
The orc sorcerer completely misses you.
You closely miss the orc sorcerer. You grab the orc sorcerer.
You squeeze the orc sorcerer, but do no damage.
You constrict the orc sorcerer.
The orc sorcerer's eyes start to glow.
The orc sorcerer casts a spell at you. The bolt of fire hits you!!
Unknown command.
You feel much better.
You are engulfed in a cloud of scalding steam.
You constrict the orc sorcerer.
The orc sorcerer hits you with the +6 great mace "ETAOIN SHRDLU" {vamp, +Blink Fly Str-5}!
The orc sorcerer draws strength from your wounds!
Unknown command.
You feel yourself speed up.
You are engulfed in a cloud of scalding steam.
* * * LOW HITPOINT WARNING * * *
You constrict the orc sorcerer, but do no damage.
The orc sorcerer points at you and mumbles some strange words.
The bolt of fire hits you!!
You die...

#..#.~≈≈≈≈≈≈≈≈#
#..#[)≈≈≈≈≈≈≈≈# ###
##'#'#≈≈≈≈≈≈≈≈# #.[
#..[)#≈≈≈≈≈≈≈≈# . #o[
#....#≈≈≈≈≈≈≈≈#
##.######..###≈≈≈≈≈≈≈≈#
..∩........+ #≈≈≈≈≈≈≈≈#
~~~~~~~~######≈≈≈≈≈≈≈≈#
≈≈≈≈≈≈≈≈≈o@§§≈≈≈≈≈≈≈≈≈#
≈≈≈≈≈≈≈≈≈≈≈≈≈≈≈≈≈≈≈≈≈≈#
≈≈≈≈≈≈≈≈≈≈≈≈≈≈≈≈≈≈≈≈≈≈#
≈≈≈≈≈≈≈≈≈≈≈≈≈≈≈≈≈≈≈≈≈≈#
≈≈≈≈≈≈≈≈≈≈≈≈≈≈≈≈≈≈
##################


You could see an orc sorcerer.

Vanquished Creatures
  Grinder (D:4)
  A wraith (D:5)
  2 orc warriors (Bailey)
  2 black bears
  2 ogres
  A centaur (D:6)
  3 phantoms
  A kobold brigand (D:5)
  A bullfrog (D:6)
  4 scorpions
  A wight (D:5)
  A howler monkey (D:6)
  5 orc priests
  7 hounds
  2 jellies
  4 iguanas
  10 orc wizards
  11 gnolls
  13 adders
  2 white imps
  2 ufetubi (D:5)
  A worm (D:4)
  A dart slug (D:5)
  27 orcs
  8 ball pythons
  7 endoplasms
  3 giant cockroaches
  6 hobgoblins
  5 quokkas
  5 bats
  A frilled lizard (D:1)
  8 goblins
  3 kobolds
  3 rats
154 creatures vanquished.

Vanquished Creatures (others)
  8 plants (D:6)
  2 toadstools (D:3)
10 creatures vanquished.

Grand Total: 164 creatures vanquished

Notes
Turn   | Place    | Note
-------+----------+-------------------------------------------
     0 | D:5      | leafyfresh the Octopode Delver began the quest for the Orb.
     0 | D:5      | Reached XP level 1. HP: 16/16 MP: 1/1
    29 | D:5      | Noticed a hound
    35 | D:5      | Killed a hound
    36 | D:5      | Reached XP level 2. HP: 16/21 MP: 2/2
    36 | D:5      | Reached XP level 3. HP: 20/26 MP: 3/3
   157 | D:5      | Noticed a scorpion
   157 | D:5      | Noticed a wight
   256 | D:4      | Noticed a phantom
   265 | D:4      | Killed a phantom
   266 | D:4      | Reached XP level 4. HP: 15/33 MP: 4/4
   476 | D:4      | Reached XP level 5. HP: 34/37 MP: 5/5
  1005 | D:4      | Noticed Grinder
  1587 | D:3      | Found a glowing golden altar of the Shining One.
  1897 | D:3      | Reached XP level 6. HP: 23/43 MP: 6/6
  3794 | D:4      | Paralysed by Grinder for 2 turns
  3800 | D:4      | Killed Grinder
  3801 | D:4      | Reached XP level 7. HP: 49/49 MP: 7/7
  3845 | D:4      | Reached skill level 5 in Fighting
  4570 | D:5      | Reached skill level 5 in Dodging
  4631 | D:5      | Reached XP level 8. HP: 57/57 MP: 8/8
  5471 | D:5      | Found an ancient bone altar of Kikubaaqudgha.
  6458 | D:5      | Noticed a wraith
  6523 | D:5      | Killed a wraith
  6524 | D:5      | Reached XP level 9. HP: 18/64 MP: 9/9
  8090 | D:6      | Found a staircase to the Ecumenical Temple.
  8099 | Temple   | Entered the Ecumenical Temple
  8236 | Temple   | Became a worshipper of Ashenzari the Shackled
  8592 | D:7      | Found a flagged portal.
  8612 | Bailey   | Entered a bailey
  8977 | Bailey   | Identified the +6 great mace "ETAOIN SHRDLU" {vamp, +Blink
                  | Fly Str-5}
  8977 | Bailey   | Noticed an orc sorcerer
  8987 | Bailey   | Killed from afar by an orc sorcerer

Illustrated notes

Levels and vault maps discovered:
D:1:      minmay_arrival_arboretum_small, layout_loops_ring
D:2:      layout_loops_ring
D:3:      layout_basic, tso_metal_star, minmay_gold_behind_fungi
D:4:      layout_loops_ring, abandoned_shop, cheibrodos_gnoll_hut, uniq_grinder
D:5:      kennysheep_windowed_halls, layout_basic, mainiacjoe_overflow_alcove_1
D:6:      layout_basic, minmay_temple_entry_gardened_gates
D:7:      minmay_thinvault, layout_basic, mainiacjoe_overflow_big_doors,
          gammafunk_ghost_wrathful_warriors, enter_bailey_5
Temple:   minmay_crystal_spiral_temple
Bailey:   bailey_axe_of_yendor_kennysheep, bailey

Skill      XL: |  1  2  3  4  5  6  7  8  9 |
---------------+----------------------------+-----
Stealth        | 7 8 9 |  9.3
Short Blades   | 3 |  3.3
Dodging        | 3 4 5 7 8 |  8.6
Fighting       | 4 5 7 9 |  9.0

Action                   |  1- 3 |  4- 6 |  7- 9 || total
-------------------------+-------+-------+-------++-------
Melee: Short sword       |    15 |   114 |   112 ||   241
       Constrict         |     3 |    23 |    56 ||    82
       Tentacles         |     3 |    20 |    71 ||    94
       Punch             |       |     2 |     9 ||    11
       Flail             |       |       |   157 ||   157
Throw: Throwing net      |       |       |     1 ||     1
Evoke: Wand              |       |     8 |     3 ||    11
  Use: Potion            |       |     1 |    10 ||    11
       Scroll            |       |       |     9 ||     9
 Stab: Sleeping          |     3 |    21 |    13 ||    37
       Distracted        |       |       |     1 ||     1
       Confused          |       |       |     1 ||     1
       Petrifying        |       |       |     1 ||     1
       Petrified         |       |       |     1 ||     1
Armor: Skin              |       |    15 |    58 ||    73
Dodge: Dodged            |     4 |    61 |   250 ||   315
